Description

Nice All in build vs Zerg or Random

Build Order

Get SALT Encoding   

  14  0:19  Pylon  
  16  0:35  Gateway  
  17  0:45  Assimilator  Scout
  18  0:56  Gateway  
  20  1:32  Cybernetics Core  
  21  1:36  Assimilator  
  21  1:46  Pylon  
  23  2:09  Warp Gate, Adept x2  
  27  2:17  Twilight Council  
  27  2:29  Pylon  
  27  2:40  Adept x2  
  31  2:46  Gateway  
  31  2:54  Resonating Glaives (Chrono Boost)  
  31  3:11  Gateway  
  31  3:20  Adept x2  
  35  3:30  Pylon  Proxy
  35  3:42  Adept x2  
  35  3:47  Pylon  
  35  4:01  Pylon  
  37  4:14  Adept x2  
  41  4:22  Adept x2  
  41  4:23  Pylon  
  45  4:35  Gateway  
  45  4:40  Adept x4  
Spawning Tool Build Advisor. Get it on Overwolf

Go to:

Details

  • Created by: MainmaintenanceBuilder
  • Published on: Dec 05, 2017
  • Modified on: Dec 06, 2017
  • Patch: 4.0.0
Show
View Real Time Build Order
Export as new Build Order

Comments (0)

There are no comments. Be the first!

Create an account to comment!